 Dungeon Crawl Stone Soup version 0.23-a0-261-g133332c (webtiles) character file.

43 mandick the Skirmisher (level 3, 0/29 HPs)
             Began as a Mummy Berserker on Sept 30, 2018.
             Was a Follower of Trog.
             Slain by a hobgoblin
             ... wielding a +0 spear
              (2 damage)
             ... on level 2 of the Dungeon.
             The game lasted 00:03:00 (2262 turns).

mandick the Skirmisher (Mummy Berserker)            Turns: 2262, Time: 00:03:01

Health: 0/29       AC:  2    Str: 21    XL:     3   Next: 37%
Magic:  3/3        EV: 12    Int:  6    God:    Trog [*.....]
Gold:   54         SH:  0    Dex: 11    Spells: 2/2 levels left

rFire    x . .     SeeInvis .   a - +0 hand axe
rCold    + . .     Gourm    .   (no shield)
rNeg     + + +     Faith    .   b - +0 animal skin
rPois    ∞         Spirit   .   (no helmet)
rElec    .         Reflect  .   (no cloak)
rCorr    .         Harm     .   (no gloves)
MR       .....                  (no boots)
Stlth    +.........             (no amulet)
HPRegen  0.09/turn              c - ring of poison resistance
MPRegen  0.08/turn              (no ring)

@: no status effects
A: no food or potions, fire vulnerability, cold resistance 1, negative energy
resistance 3, torment resistance, unbreathing
a: Renounce Religion


You were on level 2 of the Dungeon.
You worshipped Trog.
Trog was aware of your devotion.
You were not hungry.

You visited 1 branch of the dungeon, and saw 2 of its levels.

You collected 54 gold pieces.

Inventory:

Hand Weapons
 a - a +0 hand axe (weapon)
Armour
 b - a +0 animal skin (worn)
Jewellery
 c - a ring of poison resistance (left hand)
Scrolls
 d - a scroll of fear {unknown}
 e - a scroll of magic mapping {unknown}


   Skills:
 + Level 3.5 Fighting
 + Level 2.9 Axes
 + Level 2.1 Armour
 - Level 1.5 Dodging


You had 2 spell levels left.
You didn't know any spells.
Your spell library was empty.

Dungeon Overview and Level Annotations

Branches:
Dungeon (2/15)

Altars:


Innate Abilities, Weirdness & Mutations

You do not eat or drink.
Your flesh is vulnerable to fire.
You are immune to poison.
Your flesh is cold resistant. (rC+)
You are immune to negative energy. (rN+++)
You are immune to unholy pain and torment.
You can survive without breathing.


Message History

You now have 54 gold pieces (gained 15).
A hobgoblin comes into view. It is wielding a spear.
You barely miss the worm. The hobgoblin barely misses you. The worm bites you.
You slash the worm!
The worm is moderately wounded.
The hobgoblin hits you from afar with a spear.
You slash the worm!
The worm is almost dead.
The hobgoblin misses you. The worm bites you.
You hit the worm.
The worm is almost dead.
The hobgoblin misses you. The worm bites you!
* * * LOW HITPOINT WARNING * * *
You hit the worm.
You kill the worm!
Trog accepts your kill.
The hobgoblin hits you from afar with a spear.
* * * LOW HITPOINT WARNING * * *
The hobgoblin hits you from afar with a spear.
You die...

#########......
####......$†......
#.....######.....#
#.##w.#.... .....
##........... #...
#......#.#### #.
#.....>.....
###########).####..###
#...........g[@....###
#.##############.#...#.
#.#####......#..........
#.....#.####.#.#.#.###.#
#...<.#.# #.#.#.#.#
#.....#.####.#.#.# #
#.....#.#....#.#.#
#.....#......#.#.#
#.....'........#.#


You could see a hobgoblin.

Vanquished Creatures
  An adder (D:2)
  A worm (D:2)
  2 leopard geckos (D:1)
  A giant cockroach (D:1)
  5 goblins (D:1)
  3 hobgoblins
  8 kobolds
  A ball python (D:1)
  5 bats (D:1)
  A frilled lizard (D:1)
  4 rats (D:1)
32 creatures vanquished.

Notes
Turn   | Place    | Note
-------+----------+-------------------------------------------
     0 | D:1      | mandick the Mummy Berserker began the quest for the Orb.
     0 | D:1      | Reached XP level 1. HP: 18/18 MP: 1/1
   590 | D:1      | Reached XP level 2. HP: 23/24 MP: 2/2
  1548 | D:1      | Reached XP level 3. HP: 4/29 MP: 3/3
  2262 | D:2      | Slain by a hobgoblin

Vault maps used:
D:1:      lightli_arrival_farm
D:2:      minmay_wonky_spiral, serial_curves, eino_curves_04, eino_curves_01,
          minmay_shallow_snake_nest, uniq_robin

Skill      XL: |  1  2 |
---------------+-------+-----
Armour         | 2 |  2.1
Fighting       | |  3.5
Axes           | |  2.9
Dodging        | |  1.5

Action                   || total
-------------------------++-------
Melee: Hand axe          ||   130
Armor: Animal skin       ||    25
Dodge: Dodged            ||   106

Table legend:
 A = Non-vault XP
 B = Vault XP
 C = Vault XP percentage of total XP
 D = Non-vault monster count
 E = Vault monster count
 F = Vault count percentage of total count
                 A         B        C        D         E       F
            +---------+---------+-------+---------+---------+-------
      Total |      62 |       0 |   0.0 |      32 |       0 |   0.0
            +---------+---------+-------+---------+---------+-------
        D:1 |      41 |       0 |   0.0 |      28 |       0 |   0.0
        D:2 |      21 |       0 |   0.0 |       4 |       0 |   0.0
            +---------+---------+-------+---------+---------+-------
